 Dungeon Crawl Stone Soup version 0.13-b1-54-gfe00c74 (webtiles) character file.

236 Chiseanne the Ducker (level 5, 0/40 HPs)
             Began as a Demonspawn Monk on Oct 10, 2013.
             Was a Believer of Okawaru.
             Slain by an ogre
             ... wielding a +0,+0 giant club
              (26 damage)
             ... on Level 4 of the Dungeon.
             The game lasted 00:15:00 (4510 turns).

Chiseanne the Ducker (Demonspawn Monk)              Turns: 4510, Time: 00:15:00

HP   0/40        AC  5     Str 10      XL: 5   Next:  8%
MP   4/4         EV 12     Int 11      God: Okawaru [**....]
Gold 89          SH 11     Dex 16      Spells:  0 memorised,  4 levels left

Res.Fire  : . . .   See Invis. : .   j - +1 dagger (venom)
Res.Cold  : . . .   Warding    : .   g - +0 leather armour
Life Prot.: . . .   Conserve   : .   i - +0 dwarf buckler
Res.Poison: .       Res.Corr.  : .   (no helmet)
Res.Elec. : .       Clarity    : .   (no cloak)
Sust.Abil.: . .     Spirit.Shd : .   (no gloves)
Res.Mut.  : .       Stasis     : .   (no boots)
Res.Rott. : .       Flight     : .   (no amulet)
Saprovore : + . .                    (no ring)
                                     (no ring)

@: slightly resistant to hostile enchantments, fairly stealthy
A: fangs 1, fast metabolism 1, powered by death 1, saprovore 1, AC +2, SH +2,
Str -2
a: Heroism, Renounce Religion


You were on level 4 of the Dungeon.
You worshipped Okawaru.
Okawaru was pleased with you.
You were hungry.

You visited 1 branch of the dungeon, and saw 4 of its levels.

You collected 89 gold pieces.

Inventory:

Hand weapons
 c - a +0,+0 mace
 j - a +1,+1 dagger of venom (weapon)
Missiles
 a - 16 bolts
 d - 43 darts
 q - 2 silver darts (quivered)
Armour
 g - a +0 leather armour (worn)
 i - a +0 dwarven buckler (worn)
Comestibles
 b - a bread ration
Scrolls
 e - a scroll of amnesia {unknown}
 f - 4 scrolls of identify {unknown}
 h - a scroll of teleportation {unknown}
 k - 2 scrolls of remove curse {unknown}
 l - a scroll of recharging {unknown}
 m - a scroll of noise {unknown}
 n - a scroll of enchant armour {unknown}
 p - a scroll of enchant weapon I {unknown}


   Skills:
 * Level 3.4 Fighting
 * Level 0.8 Short Blades
 - Level 0.1 Maces & Flails
 * Level 2.1 Armour
 * Level 3.9 Dodging
 - Level 1.7 Stealth
 * Level 1.0 Shields
 - Level 3.6 Unarmed Combat
 * Level 0.3 Invocations


You had 4 spell levels left.
You didn't know any spells.

Dungeon Overview and Level Annotations

Branches:
Dungeon (4/27)
 Temple: D:4-7

Altars:
Okawaru
Yredelemnul

Annotations:
D:3 samael's ghost, average TeFi


Innate Abilities, Weirdness & Mutations

You are partially covered in large bone plates (AC +2, SH +2).
You can steal the life force of nearby defeated enemies.
You can tolerate rotten meat.
You have very sharp teeth.
You have a fast metabolism.
You are weak. (Str -2)


Message History

You start resting.
HP restored.
A kobold comes into view. It is wielding a runed elven whip.
The kobold throws a dart.
The dart hits you!
Found 23 arrows.
You see here a dart.
The ogre shouts!
The kobold throws a dart.
The dart misses you.
You see here a dart.
There is a stone staircase leading up here.
Welcome back, Chiseanne the Demonspawn Monk.
Okawaru says: Bring me glory in combat!
Press ? for a list of commands and other information.
You hit the ogre but do no damage.
The ogre is poisoned.
The ogre hits you with a giant club!
You hit the ogre.
The ogre looks even sicker.
The ogre is lightly wounded.
The ogre hits you with a giant club!
Ouch! That really hurt!
You die...

. #. ..##.####
..O.....#######
(..#...........K.
....>...(.....#
..##.###(####.#
#K# #O# #@# #.#
#.# #.# ..# ####


You could see an ogre and a kobold.

Vanquished Creatures
  Terence (D:2)
  6 adders
  A gnoll (D:2)
  An adder skeleton (D:4)
  2 giant geckos (D:1)
  An orc (D:2)
  A ball python (D:3)
  12 goblins
  12 hobgoblins
  A quokka (D:3)
  5 bats
  3 giant cockroaches
  5 giant newts
  3 jackals (D:2)
  8 kobolds
  6 rats
68 creatures vanquished.

Notes
Turn   | Place    | Note
--------------------------------------------------------------
     0 | D:1      | Chiseanne, the Demonspawn Monk, began the quest for the Orb.
     0 | D:1      | Reached XP level 1. HP: 16/16 MP: 0/0
   521 | D:1      | Gained mutation: You have a fast metabolism. [potion of mutation]
   521 | D:1      | Gained mutation: You have very sharp teeth. [potion of mutation]
   521 | D:1      | Gained mutation: You are weak. (Str -2) [potion of mutation]
   984 | D:1      | Gained mutation: You are partially covered in large bone plates (AC +2, SH +2). [demonic ancestry]
   984 | D:1      | Reached XP level 2. HP: 22/22 MP: 1/1
  1705 | D:1      | HP: 1/22 [poisoned by a goblin]
  2072 | D:2      | Gained mutation: You can tolerate rotten meat. [demonic ancestry]
  2072 | D:2      | Reached XP level 3. HP: 15/28 MP: 2/2
  2306 | D:2      | Reached skill level 1 in Armour
  2491 | D:2      | Found a basalt altar of Yredelemnul.
  2493 | D:2      | Noticed Terence
  2517 | D:2      | Killed Terence
  3163 | D:2      | Gained mutation: You can steal the life force of nearby defeated enemies. [demonic ancestry]
  3163 | D:2      | Reached XP level 4. HP: 25/34 MP: 3/3
  3555 | D:2      | Found an iron altar of Okawaru.
  3564 | D:2      | Became a worshipper of Warmaster Okawaru
  3564 | D:2      | Acquired Okawaru's first power
  3638 | D:3      | Noticed samael's ghost (average TeFi)
  3965 | D:3      | Reached skill level 1 in Shields
  4176 | D:3      | Reached XP level 5. HP: 37/40 MP: 4/4
  4446 | D:4      | Noticed an ogre
  4510 | D:4      | Slain by an ogre

Action                   |  1- 3 |  4- 6 || total
-------------------------+-------+-------++-------
Melee: Whip              |    31 |       ||    31
       Unarmed           |     9 |       ||     9
       Dagger            |    94 |   125 ||   219
       Mace              |    11 |       ||    11
Invok: Heroism           |       |     1 ||     1
  Use: Potion            |     6 |     1 ||     7
 Stab: Sleeping          |     9 |       ||     9
